 Dungeon Crawl Stone Soup version 0.28.0-43-g3370ac3207 (webtiles) character file.

Game seed: 7882307962553125407

73 croobank the Firebug (level 4, -7/33 HPs)
             Began as a Draconian Fire Elementalist on Mar 3, 2022.
             Mangled by a gnoll
             ... wielding a +4 vorpal flail
              (10 damage)
             ... on level 2 of the Dungeon.
             The game lasted 00:04:03 (1633 turns).

croobank the Firebug (Draconian Fire Elementalist)  Turns: 1633, Time: 00:04:03

Health: -7/33      AC:  5    Str: 10    XL:     4   Next: 8%
Magic:  1/7        EV: 12    Int: 18    God:
Gold:   29         SH:  0    Dex: 11    Spells: 5/8 levels left

rFire   . . .      SeeInvis .   a - +0 short sword
rCold   . . .      Faith    .   (no shield)
rNeg    . . .      Spirit   .   (armour unavailable)
rPois   .          Reflect  .   (helmet restricted)
rElec   .          Harm     .   (no cloak)
rCorr   .          Rampage  .   (no gloves)
Will    .....                   (no boots)
Stlth   ++........              (no amulet)
HPRegen 0.11/turn               (no ring)
MPRegen 0.10/turn               (no ring)

@: no status effects
A: AC +5, unfitting armour, cold-blooded
a: no special abilities


You were on level 2 of the Dungeon.
You visited 1 branch of the dungeon, and saw 2 of its levels.

You collected 29 gold pieces.

Inventory:

Hand Weapons
 a - a +0 short sword (weapon)
Missiles
 g - 20 arrows
 j - 9 stones
Scrolls
 b - 2 scrolls of magic mapping {unknown}
 c - a scroll of teleportation {unknown}
 f - a scroll of amnesia {unknown}
 i - a scroll of blinking {unknown}
Potions
 d - a potion of flight {unknown}
 e - 2 potions of berserk rage {unknown}
 h - a potion of degeneration {unknown}
 k - a potion of resistance {unknown}


   Skills:
 + Level 2.3 Dodging
 + Level 2.4 Stealth
 + Level 2.5 Spellcasting
 + Level 1.8 Conjurations
 + Level 3.4 Fire Magic


You had 5 spell levels left.
You knew the following spells:

 Your Spells              Type           Power      Damage    Failure   Level
a - Foxfire               Conj/Fire      44%        2x1d6     6%          1
b - Scorch                Fire           28%        2d6       6%          2

Your spell library contained the following spells:

 Spells                   Type           Power      Damage    Failure   Level
 Conjure Flame            Conj/Fire      11%        6-21      17%         3
 Inner Flame              Hex/Fire       8%         N/A       26%         3
 Flame Wave               Conj/Fire      11%        2d5       50%         4


Dungeon Overview and Level Annotations

Branches:
Dungeon (2/15)

Altars:


Innate Abilities, Weirdness & Mutations

Your plain brown scales are hard. (AC +5)
You cannot fit into any form of body armour.
You are cold-blooded and may be slowed by cold attacks.


Message History

The foxfire hits the gnoll.
The gnoll is lightly wounded.
The foxfire hits the gnoll.
The gnoll is moderately wounded.
An endoplasm comes into view.
Casting: Foxfire (safe; 6% risk of failure)
Confirm with . or Enter, or press ? or * to list all spells.
You conjure some foxfire!
The endoplasm quivers.
A gnoll comes into view. It is wielding a +0 halberd.
The foxfire hits the gnoll but does no damage.
The gnoll is moderately wounded.
The foxfire hits the gnoll but does no damage.
The gnoll is moderately wounded.
A gnoll comes into view. It is wielding a +0 whip.
You see here a rat corpse.
You see here a bat corpse.
Things that are here:
a +0 dagger; a goblin corpse
There is a stone staircase leading up, spattered with blood here.
Casting: Foxfire (safe; 6% risk of failure)
Confirm with . or Enter, or press ? or * to list all spells.
You conjure some foxfire!
The gnoll hits you with a +4 vorpal flail.
The foxfire hits the gnoll.
The gnoll is moderately wounded.
The foxfire hits the gnoll.
The gnoll is heavily wounded.
The gnoll hits you with a +4 vorpal flail!
Casting: Foxfire (safe; 6% risk of failure)
Confirm with . or Enter, or press ? or * to list all spells.
You conjure some foxfire!
The gnoll hits you with a +4 vorpal flail!
* * * LOW HITPOINT WARNING * * *
x2 The foxfire hits the gnoll.
The gnoll is heavily wounded.
The foxfire hits the gnoll but does no damage.
The gnoll is heavily wounded.
The gnoll hits you with a +4 vorpal flail!
You die...

P... #...# #..#####...# ...
#.#########..#...#...# P.
##)#..........#.PP#...#
#.....#####รท..#P..#...#
.......##..#####...#####...#
####### #.......#..........#
##.####.#..........#
#.#...g#.#.#####..#
#.#..)@#.........##
#.######.#########
#........# ##########


You could see a gnoll.

Vanquished Creatures
  5 gnolls
  A worm (D:2)
  3 bats
  A giant cockroach (D:1)
  6 jackals
  A quokka (D:1)
  A frilled lizard (D:1)
  A goblin (D:2)
  A kobold (D:1)
  5 rats
25 creatures vanquished.

Vanquished Creatures (others)
  54 foxfires
54 creatures vanquished.

Grand Total: 79 creatures vanquished

Notes
Turn   | Place    | Note
-------+----------+-------------------------------------------
     0 | D:1      | croobank the Draconian Fire Elementalist began the quest
                  | for the Orb.
     0 | D:1      | Reached XP level 1. HP: 14/14 MP: 3/3
   310 | D:1      | Found a faded altar of an unknown god.
   527 | D:1      | Reached XP level 2. HP: 10/20 MP: 0/5
  1032 | D:1      | Reached XP level 3. HP: 11/26 MP: 1/6
  1035 | D:1      | Learned a level 2 spell: Scorch
  1550 | D:2      | Reached XP level 4. HP: 33/33 MP: 5/7
  1633 | D:2      | Mangled by a gnoll

Illustrated notes

Levels and vault maps discovered:
D:1:      elethiomel_arrival_fortress_basement, layout_loops_ring,
          dreamdust_ecumenical_altar_angels_and_demons
D:2:      layout_basic, serial_aquarium, aquarium_bridge_square
          [aquarium_subvault_wall, aquarium_subvault_wall,
          aquarium_subvault_bridge, aquarium_subvault_wall],
          aquarium_bridge_long_separate [aquarium_subvault_bridge,
          aquarium_subvault_bridge, aquarium_subvault_bridge,
          aquarium_subvault_wall, aquarium_subvault_wall,
          aquarium_subvault_bridge], aquarium_window_fake,
          aquarium_window_corridor_2, aquarium_view_2e, aquarium_pool_2

Skill      XL: |  1 |
---------------+----+-----
Dodging        | 2 |  2.3
Stealth        | 2 |  2.4
Spellcasting   | |  2.5
Conjurations   | |  1.8
Fire Magic     | |  3.4

Action                   |  1- 3 |  4- 6 || total
-------------------------+-------+-------++-------
Melee: Short sword       |    18 |     9 ||    27
       Tailslap          |     2 |     2 ||     4
 Cast: Foxfire           |    27 |     6 ||    33
       Scorch            |     4 |     2 ||     6
Armor: Skin              |     6 |     1 ||     7
Dodge: Dodged            |    28 |     4 ||    32
